 Dungeon Crawl Stone Soup version 0.27-a0-1532-gca18f49f40 (webtiles) character file.

Game seed: 2815049104823467191

5 mandarbmax the Vexing (level 1, 0/10 HPs)
             Began as a Deep Elf Enchanter on July 13, 2021.
             Slain by a ball python (2 damage)
             ... on level 1 of the Dungeon.
             The game lasted 00:01:53 (437 turns).

mandarbmax the Vexing (Deep Elf Enchanter)           Turns: 437, Time: 00:01:54

Health: 0/10       AC:  2    Str:  5    XL:     1   Next: 66%
Magic:  6/6        EV: 12    Int: 19    God:
Gold:   0          SH:  0    Dex: 15    Spells: 5/6 levels left

rFire    . . .     SeeInvis .   a - +1 dagger
rCold    . . .     Faith    .   (no shield)
rNeg     . . .     Spirit   .   b - +0 robe
rPois    .         Reflect  .   (no helmet)
rElec    .         Harm     .   (no cloak)
rCorr    .         Rampage  .   (no gloves)
Will     .....                  (no boots)
Stlth    +++.......             (no amulet)
HPRegen  0.03/turn              (no ring)
MPRegen  0.10/turn              (no ring)

@: no status effects
A: no striking features
a: no special abilities


You were on level 1 of the Dungeon.
You visited 1 branch of the dungeon, and saw 1 of its levels.

Inventory:

Hand Weapons
 a - a +1 dagger (weapon)
Armour
 b - a +0 robe (worn)
 d - a +0 leather armour
Scrolls
 c - 3 scrolls of fear {unknown}
Potions
 e - a potion of attraction {unknown}


   Skills:
 - Level 1.0 Short Blades
 + Level 2.6 Dodging
 + Level 3.8 Stealth
 - Level 3.0 Spellcasting
 + Level 4.2 Hexes


You had 5 spell levels left.
You knew the following spells:

 Your Spells              Type           Power      Damage    Failure   Level
a - Corona                Hex            20%        N/A       2%          1

Your spell library contained the following spells:

 Spells                   Type           Power      Damage    Failure   Level
 Confusing Touch          Hex            18%        N/A       9%          3
 Tukima's Dance           Hex            18%        N/A       9%          3
 Ensorcelled Hibernation  Hex/Ice        20%        N/A       10%         2
 Dazzling Flash           Conj/Hex       20%        N/A       19%         3


Dungeon Overview and Level Annotations

Branches:
Dungeon (1/15)

Altars:


Message History

You hit the kobold.
The kobold is moderately wounded.
The kobold misses you. The ball python closely misses you. x2
You hit the kobold but do no damage.
The kobold is moderately wounded.
The kobold hits you but does no damage. The ball python closely misses you.
The ball python grabs you. The ball python constricts you.
You hit the kobold.
The kobold is heavily wounded.
The kobold closely misses you. The ball python bites you.
The ball python constricts you.
You barely miss the kobold.
The kobold is heavily wounded.
The kobold closely misses you. The ball python bites you.
The ball python constricts you.
The ball python bites you but does no damage.
You escape the ball python's grasp.
The ball python bites you.
* * * LOW HITPOINT WARNING * * *
The ball python closely misses you.
The kobold stops glowing.
The ball python misses you. The ball python closely misses you.
The ball python bites you.
* * * LOW HITPOINT WARNING * * *
The ball python grabs you. The ball python constricts you.
You escape the ball python's grasp.
A rat comes into view.
The ball python closely misses you. The ball python grabs you.
The ball python constricts you.
You escape the ball python's grasp.
A hobgoblin comes into view.
Found a robe.
The ball python barely misses you. The ball python closely misses you.
The rat twitches its whiskers.
The ball python bites you but does no damage.
The ball python misses you.
The ball python bites you but does no damage.
The ball python closely misses you. The ball python bites you.
You die...

...###...#######...###.########
.........#....................#
.........#....................#
.........#....................#
.......................########
#.#....................#
#.#....................#######
...............S..............
#S#.........K..S@.............
#.#........r#######...........
#.#+#....r..# #...........
#...........# #.##########
............# #.# ............#
#.# ............##### #.####
.#....#######...# #....+
......# #.#.###.####


You could see 2 ball pythons, a kobold and a rat.

Vanquished Creatures
  A ball python (D:1)
  A bat (D:1)
  A goblin (D:1)
  A kobold (D:1)
  A rat (D:1)
5 creatures vanquished.

Notes
Turn   | Place    | Note
-------+----------+-------------------------------------------
     0 | D:1      | mandarbmax the Deep Elf Enchanter began the quest for the
                  | Orb.
     0 | D:1      | Reached XP level 1. HP: 10/10 MP: 6/6
   437 | D:1      | Slain by a ball python

Illustrated notes

Levels and vault maps discovered:
D:1:      dpeg_arrival_renting, layout_basic

Action                   || total
-------------------------++-------
Melee: Dagger            ||    23
 Cast: Corona            ||     9
Armor: Robe              ||    11
Dodge: Dodged            ||    35

Table legend: (Time is in decaauts)
 A = Elapsed time spent in this place.
 B = Non-inter-level travel time spent in this place.
 C = Inter-level travel time spent in this place.
 D = Time resting spent in this place.
 E = Time spent auto-exploring this place.
 F = Levels seen in this place.
 G = Mean time per level.
                   A        B        C        D        E       F      G
               +--------+--------+--------+--------+--------+-----+--------+
         Total |    435 |    435 |      0 |    216 |    101 |   1 |  435.0 |
       Dungeon |    435 |    435 |      0 |    216 |    101 |   1 |  435.0 |
               +--------+--------+--------+--------+--------+-----+--------+

Top non-repeatable levels by time:
     D:1: 435 daAuts
